General information
- name: BNet
- type: Ladder team game (AT/RT)
- host: Battle.net
- saver: passw0rd2016
map: Monsoon
- players: 6
- length: 79:47
- speed: Fast
- version: 1.27 W3XP
- replay type:

» download(824 KB)
Players
team 1 (winner)
iggy_the_fisk (
yellow | 110 APM | 8775 actions | 79:47)
6 Archmage
3 Blizzard
3 Brilliance Aura
4 Blood Mage
2 Flame Strike
2 Siphon Mana
4 Pit Lord
2 Rain of Fire
2 Cleaving Attack
» actions
| Assign group hotkey | 399 | |
| Basic commands | 271 | |
| Build / train | 252 | |
| Enter build submenu | 193 | |
| Enter hero's abilities submenu | 14 | |
| Give item / drop item | 15 | |
| Remove unit from queue | 3 | |
| Right click | 3569 | |
| Select / deselect | 1039 | |
| Select group hotkey | 2284 | |
| Use ability | 736 | |
8775 total
» units
» upgrades
| Masonry | 3 | |
| Lumber Harvesting | 2 | |
| Magic Sentry | 1 | |
6 total
» buildings
| Altar of Kings | 1 | |
| Farm | 3 | |
| Lumber Mill | 1 | |
| Scout Tower | 364 | |
| Arcane Tower | 49 | |
| Guard Tower | 123 | |
| Keep | 1 | |
| Town Hall | 1 | |
| Arcane Vault | 4 | |
| Arcane Sanctum | 1 | |
| Castle | 1 | |
549 total
» build order
00:05 Altar of Kings
00:08 Farm
00:21 Lumber Mill
01:00 Scout Tower
01:02 Scout Tower
01:13 Farm
01:23 Scout Tower
01:26 Scout Tower
01:43 Arcane Tower
01:44 Arcane Tower
01:56 Arcane Tower
01:57 Scout Tower
02:03 Arcane Tower
02:15 Scout Tower
02:26 Scout Tower
02:36 Scout Tower
02:41 Guard Tower
03:02 Scout Tower
03:08 Arcane Tower
03:11 Scout Tower
03:22 Guard Tower
03:27 Scout Tower
03:28 Guard Tower
03:57 Guard Tower
03:59 Scout Tower
04:03 Scout Tower
04:04 Guard Tower
04:18 Keep
04:27 Scout Tower
04:28 Guard Tower
04:30 Scout Tower
04:30 Guard Tower
04:46 Farm
05:00 Guard Tower
05:01 Scout Tower
05:09 Scout Tower
05:10 Guard Tower
05:47 Guard Tower
05:48 Scout Tower
05:50 Guard Tower
05:52 Scout Tower
06:04 Town Hall
06:15 Guard Tower
06:17 Arcane Vault
06:20 Arcane Vault
06:21 Guard Tower
07:14 Arcane Sanctum
07:19 Castle
07:30 Scout Tower
07:31 Scout Tower
07:31 Scout Tower
07:53 Scout Tower
08:38 Guard Tower
08:40 Scout Tower
09:05 Guard Tower
09:07 Scout Tower
09:08 Scout Tower
09:09 Scout Tower
09:12 Arcane Vault
10:01 Arcane Tower
10:04 Scout Tower
10:05 Scout Tower
10:06 Scout Tower
10:06 Scout Tower
10:07 Scout Tower
10:08 Scout Tower
10:09 Scout Tower
10:10 Scout Tower
10:25 Scout Tower
10:26 Scout Tower
10:28 Scout Tower
10:30 Scout Tower
10:32 Scout Tower
10:32 Scout Tower
10:33 Scout Tower
10:35 Guard Tower
10:45 Guard Tower
11:19 Guard Tower
11:24 Arcane Tower
11:25 Guard Tower
12:37 Guard Tower
12:39 Guard Tower
12:47 Guard Tower
13:42 Guard Tower
13:43 Scout Tower
13:44 Scout Tower
14:26 Guard Tower
14:28 Scout Tower
14:28 Scout Tower
14:30 Scout Tower
14:42 Guard Tower
14:47 Scout Tower
14:47 Scout Tower
14:48 Scout Tower
15:02 Scout Tower
15:03 Scout Tower
15:04 Scout Tower
15:04 Scout Tower
15:05 Scout Tower
15:06 Scout Tower
15:06 Scout Tower
15:07 Scout Tower
15:28 Guard Tower
15:30 Scout Tower
15:30 Scout Tower
15:57 Guard Tower
15:58 Scout Tower
16:00 Scout Tower
16:01 Scout Tower
16:09 Arcane Tower
16:10 Guard Tower
16:59 Guard Tower
17:00 Scout Tower
17:04 Guard Tower
17:06 Scout Tower
17:06 Scout Tower
17:07 Scout Tower
17:07 Scout Tower
17:08 Scout Tower
17:08 Scout Tower
17:21 Arcane Tower
17:22 Guard Tower
17:31 Guard Tower
17:35 Scout Tower
17:36 Scout Tower
17:39 Scout Tower
17:39 Scout Tower
18:09 Guard Tower
18:56 Guard Tower
18:57 Scout Tower
18:57 Scout Tower
19:05 Guard Tower
19:24 Arcane Tower
19:25 Guard Tower
20:02 Guard Tower
20:03 Scout Tower
20:04 Scout Tower
20:22 Guard Tower
21:21 Scout Tower
21:21 Scout Tower
21:22 Scout Tower
21:23 Scout Tower
21:23 Scout Tower
21:24 Scout Tower
21:24 Scout Tower
21:25 Scout Tower
21:26 Scout Tower
21:27 Scout Tower
21:28 Scout Tower
21:42 Guard Tower
21:53 Arcane Tower
21:59 Scout Tower
22:00 Scout Tower
22:00 Scout Tower
22:01 Scout Tower
22:02 Arcane Tower
22:15 Guard Tower
22:19 Arcane Tower
22:47 Guard Tower
23:11 Guard Tower
24:32 Scout Tower
24:33 Scout Tower
24:35 Scout Tower
24:37 Scout Tower
24:39 Arcane Vault
24:51 Guard Tower
25:30 Guard Tower
25:33 Guard Tower
25:36 Scout Tower
25:38 Scout Tower
25:45 Scout Tower
25:46 Scout Tower
25:47 Scout Tower
25:47 Scout Tower
25:48 Scout Tower
25:48 Scout Tower
25:49 Scout Tower
25:49 Scout Tower
25:50 Scout Tower
25:51 Scout Tower
26:15 Guard Tower
26:34 Guard Tower
27:37 Scout Tower
27:37 Scout Tower
27:38 Scout Tower
27:38 Scout Tower
27:39 Scout Tower
27:44 Scout Tower
27:44 Scout Tower
27:45 Scout Tower
27:46 Arcane Tower
27:46 Arcane Tower
28:05 Guard Tower
28:06 Guard Tower
28:48 Guard Tower
29:13 Guard Tower
29:16 Arcane Tower
29:17 Arcane Tower
29:18 Scout Tower
29:20 Scout Tower
29:23 Scout Tower
29:25 Guard Tower
29:45 Guard Tower
29:57 Arcane Tower
30:10 Scout Tower
30:11 Scout Tower
30:11 Scout Tower
30:12 Scout Tower
30:13 Scout Tower
31:18 Scout Tower
31:19 Scout Tower
31:19 Scout Tower
31:20 Scout Tower
31:22 Scout Tower
31:23 Arcane Tower
31:23 Guard Tower
31:24 Guard Tower
31:54 Guard Tower
32:00 Scout Tower
32:01 Scout Tower
32:02 Scout Tower
32:03 Scout Tower
32:03 Scout Tower
32:04 Scout Tower
32:05 Scout Tower
32:07 Scout Tower
32:08 Scout Tower
32:09 Scout Tower
32:09 Scout Tower
32:10 Scout Tower
32:11 Scout Tower
32:12 Scout Tower
32:12 Scout Tower
32:15 Scout Tower
32:15 Scout Tower
32:16 Scout Tower
32:17 Scout Tower
32:26 Guard Tower
32:28 Scout Tower
32:28 Scout Tower
32:30 Scout Tower
32:31 Scout Tower
32:31 Scout Tower
32:32 Scout Tower
32:39 Arcane Tower
32:41 Guard Tower
32:43 Guard Tower
32:52 Guard Tower
32:59 Arcane Tower
33:09 Arcane Tower
33:11 Guard Tower
33:18 Arcane Tower
33:22 Guard Tower
33:26 Scout Tower
33:27 Scout Tower
33:28 Scout Tower
33:29 Scout Tower
33:30 Scout Tower
33:31 Scout Tower
33:32 Scout Tower
33:32 Scout Tower
33:33 Scout Tower
33:38 Scout Tower
33:39 Scout Tower
33:40 Scout Tower
33:40 Scout Tower
33:44 Scout Tower
33:45 Scout Tower
33:46 Scout Tower
33:50 Arcane Tower
33:51 Guard Tower
33:54 Scout Tower
33:55 Scout Tower
33:56 Scout Tower
34:08 Guard Tower
34:32 Guard Tower
34:35 Scout Tower
34:36 Scout Tower
34:37 Scout Tower
34:38 Scout Tower
34:39 Scout Tower
34:40 Scout Tower
34:40 Scout Tower
34:41 Scout Tower
34:42 Scout Tower
34:42 Scout Tower
35:05 Guard Tower
35:08 Scout Tower
35:09 Scout Tower
35:10 Scout Tower
35:11 Scout Tower
35:12 Scout Tower
35:12 Scout Tower
35:19 Arcane Tower
35:20 Guard Tower
35:48 Guard Tower
36:10 Guard Tower
36:13 Guard Tower
36:23 Scout Tower
36:28 Scout Tower
36:38 Scout Tower
36:40 Scout Tower
36:40 Scout Tower
36:42 Scout Tower
36:42 Scout Tower
36:52 Guard Tower
37:04 Guard Tower
37:28 Arcane Tower
37:29 Guard Tower
37:31 Guard Tower
37:36 Guard Tower
37:42 Scout Tower
37:53 Arcane Tower
37:53 Guard Tower
37:57 Scout Tower
37:59 Scout Tower
38:00 Scout Tower
38:01 Scout Tower
38:03 Guard Tower
38:33 Guard Tower
38:46 Guard Tower
38:47 Scout Tower
38:48 Scout Tower
38:48 Scout Tower
38:54 Guard Tower
39:14 Scout Tower
40:10 Guard Tower
40:12 Scout Tower
40:12 Scout Tower
40:13 Scout Tower
40:14 Scout Tower
40:14 Scout Tower
40:15 Scout Tower
40:15 Scout Tower
40:16 Scout Tower
41:18 Guard Tower
41:33 Scout Tower
41:34 Scout Tower
41:35 Scout Tower
41:35 Scout Tower
41:35 Scout Tower
41:36 Scout Tower
41:37 Guard Tower
42:36 Guard Tower
42:40 Scout Tower
42:41 Scout Tower
42:41 Scout Tower
42:42 Scout Tower
42:42 Scout Tower
42:42 Scout Tower
42:53 Scout Tower
42:53 Scout Tower
42:54 Scout Tower
42:55 Scout Tower
42:56 Arcane Tower
43:24 Guard Tower
43:39 Scout Tower
43:42 Guard Tower
43:50 Arcane Tower
43:53 Scout Tower
43:55 Scout Tower
43:55 Arcane Tower
43:57 Scout Tower
43:58 Scout Tower
43:59 Scout Tower
44:09 Scout Tower
44:10 Scout Tower
44:11 Scout Tower
44:12 Scout Tower
44:13 Scout Tower
44:13 Scout Tower
44:14 Scout Tower
44:14 Scout Tower
44:16 Guard Tower
44:18 Scout Tower
44:20 Scout Tower
44:23 Guard Tower
44:27 Scout Tower
44:27 Scout Tower
44:28 Scout Tower
44:31 Scout Tower
44:31 Scout Tower
44:54 Guard Tower
45:03 Scout Tower
45:03 Scout Tower
45:04 Scout Tower
45:05 Scout Tower
45:08 Scout Tower
45:09 Scout Tower
45:09 Scout Tower
45:10 Scout Tower
45:10 Scout Tower
45:14 Guard Tower
45:16 Scout Tower
45:19 Scout Tower
45:29 Scout Tower
45:40 Scout Tower
45:41 Scout Tower
45:43 Guard Tower
45:45 Scout Tower
45:50 Scout Tower
45:51 Scout Tower
45:54 Scout Tower
45:55 Scout Tower
45:57 Scout Tower
46:08 Guard Tower
46:14 Guard Tower
46:18 Scout Tower
46:46 Guard Tower
46:56 Guard Tower
47:01 Guard Tower
47:03 Scout Tower
47:03 Scout Tower
47:07 Scout Tower
47:08 Scout Tower
47:09 Scout Tower
47:10 Scout Tower
47:12 Scout Tower
47:13 Scout Tower
47:14 Scout Tower
47:15 Scout Tower
47:15 Scout Tower
47:16 Scout Tower
47:17 Scout Tower
47:23 Arcane Tower
47:27 Scout Tower
47:28 Scout Tower
47:45 Guard Tower
48:09 Guard Tower
48:14 Scout Tower
48:49 Guard Tower
48:57 Scout Tower
49:42 Guard Tower
49:53 Guard Tower
49:55 Guard Tower
55:10 Scout Tower
55:12 Scout Tower
55:13 Scout Tower
55:13 Scout Tower
55:48 Arcane Tower
55:49 Guard Tower
55:50 Guard Tower
55:52 Scout Tower
55:54 Scout Tower
56:08 Guard Tower
56:10 Scout Tower
56:25 Guard Tower
56:35 Guard Tower
56:39 Guard Tower
56:48 Scout Tower
57:58 Scout Tower
58:13 Guard Tower
58:35 Guard Tower
59:15 Scout Tower
59:30 Scout Tower
60:44 Guard Tower
61:24 Guard Tower
62:30 Scout Tower
62:31 Scout Tower
62:31 Scout Tower
62:32 Scout Tower
62:32 Scout Tower
62:33 Scout Tower
64:09 Arcane Tower
65:21 Arcane Tower
65:25 Scout Tower
65:26 Scout Tower
65:26 Scout Tower
65:27 Scout Tower
65:28 Scout Tower
66:13 Arcane Tower
66:28 Arcane Tower
66:39 Arcane Tower
67:07 Arcane Tower
67:09 Scout Tower
67:11 Scout Tower
67:11 Scout Tower
67:36 Guard Tower
68:30 Guard Tower
71:27 Scout Tower
71:27 Scout Tower
71:28 Scout Tower
71:30 Scout Tower
71:34 Scout Tower
71:34 Scout Tower
71:47 Scout Tower
71:49 Scout Tower
71:50 Scout Tower
71:55 Arcane Tower
72:16 Scout Tower
72:17 Arcane Tower
72:18 Scout Tower
72:20 Arcane Tower
72:24 Scout Tower
72:25 Scout Tower
72:26 Scout Tower
73:06 Arcane Tower
73:09 Scout Tower
73:09 Scout Tower
73:15 Scout Tower
73:16 Scout Tower
73:17 Scout Tower
73:17 Scout Tower
73:18 Scout Tower
73:19 Scout Tower
73:21 Guard Tower
73:46 Guard Tower
74:15 Arcane Tower
74:16 Guard Tower
74:18 Scout Tower
74:19 Scout Tower
74:20 Scout Tower
74:20 Scout Tower
74:21 Scout Tower
74:22 Scout Tower
74:27 Scout Tower
74:28 Scout Tower
74:28 Scout Tower
74:29 Scout Tower
74:49 Scout Tower
74:51 Scout Tower
74:52 Arcane Tower
74:59 Guard Tower
75:15 Arcane Tower
75:19 Guard Tower
75:25 Arcane Tower
75:36 Arcane Tower
75:43 Scout Tower
75:44 Scout Tower
75:45 Scout Tower
75:48 Arcane Tower
76:29 Guard Tower
76:33 Scout Tower
76:33 Scout Tower
76:34 Scout Tower
76:34 Scout Tower
76:35 Scout Tower
76:35 Scout Tower
77:12 Guard Tower
77:15 Scout Tower
77:16 Scout Tower
77:17 Scout Tower
77:18 Scout Tower
77:20 Scout Tower
77:20 Scout Tower
77:21 Scout Tower
77:55 Guard Tower
78:02 Arcane Tower
78:44 Guard Tower
» items
| Boots of Speed | 3 | |
| Staff of Teleportation | 3 | |
| Scroll of Town Portal | 1 | |
| Circlet of Nobility | 1 | |
| Periapt of Vitality | 1 | |
| Staff of Sanctuary | 3 | |
| Orb of Lightning | 3 | |
| Healing Salve | 1 | |
16 total
lovetoosearch (
blue | 83 APM | 6659 actions | 79:46)
10 Blademaster
3 Wind Walk
3 Critical Strike
1 Bladestorm
3 Mirror Image
» actions
| Assign group hotkey | 45 | |
| Basic commands | 55 | |
| Build / train | 132 | |
| ESC pressed | 5 | |
| Enter build submenu | 106 | |
| Enter hero's abilities submenu | 10 | |
| Give item / drop item | 5 | |
| Right click | 4137 | |
| Select / deselect | 538 | |
| Select group hotkey | 1088 | |
| Use ability | 538 | |
6659 total
» units
» upgrades
| Liquid Fire | 1 | |
| Ranged Weapons | 3 | |
| Armor | 3 | |
| Troll Regeneration | 1 | |
8 total
» buildings
| Altar of Storms | 1 | |
| Orc Burrow | 4 | |
| War Mill | 1 | |
| Voodoo Lounge | 3 | |
| Watch Tower | 105 | |
| Stronghold | 1 | |
| Fortress | 1 | |
| Beastiary | 2 | |
| Great Hall | 8 | |
| Barracks | 1 | |
127 total
» build order
00:13 Altar of Storms
00:15 Orc Burrow
00:21 War Mill
01:00 Voodoo Lounge
01:47 Watch Tower
02:34 Watch Tower
02:40 Watch Tower
03:29 Stronghold
03:31 Orc Burrow
04:03 Watch Tower
04:03 Watch Tower
05:05 Watch Tower
05:05 Watch Tower
05:07 Watch Tower
05:10 Watch Tower
05:15 Watch Tower
05:16 Watch Tower
05:52 Fortress
05:54 Beastiary
06:01 Beastiary
06:04 Orc Burrow
06:40 Watch Tower
06:41 Watch Tower
07:10 Watch Tower
07:54 Voodoo Lounge
08:45 Watch Tower
08:46 Watch Tower
10:22 Voodoo Lounge
10:50 Watch Tower
11:28 Watch Tower
12:33 Orc Burrow
12:37 Watch Tower
12:38 Watch Tower
13:45 Watch Tower
13:45 Watch Tower
13:46 Watch Tower
13:46 Watch Tower
13:49 Watch Tower
13:49 Watch Tower
14:43 Watch Tower
14:52 Great Hall
15:25 Great Hall
15:36 Watch Tower
15:36 Watch Tower
15:37 Watch Tower
15:38 Watch Tower
15:55 Watch Tower
18:36 Watch Tower
18:36 Watch Tower
18:37 Watch Tower
18:38 Watch Tower
18:38 Watch Tower
18:39 Watch Tower
20:30 Barracks
21:43 Watch Tower
21:46 Watch Tower
21:47 Watch Tower
22:09 Watch Tower
22:56 Watch Tower
22:57 Watch Tower
22:57 Watch Tower
22:58 Watch Tower
23:46 Watch Tower
23:47 Watch Tower
23:48 Watch Tower
23:57 Watch Tower
25:43 Watch Tower
25:45 Watch Tower
25:46 Watch Tower
28:44 Watch Tower
28:46 Watch Tower
28:55 Great Hall
29:09 Watch Tower
29:09 Watch Tower
29:10 Watch Tower
29:11 Watch Tower
29:36 Watch Tower
29:36 Watch Tower
29:37 Watch Tower
29:39 Watch Tower
29:40 Watch Tower
29:41 Watch Tower
29:42 Watch Tower
29:43 Watch Tower
30:01 Great Hall
30:16 Great Hall
30:20 Watch Tower
30:20 Watch Tower
30:22 Watch Tower
30:24 Watch Tower
30:27 Watch Tower
31:48 Watch Tower
31:48 Watch Tower
31:48 Watch Tower
31:49 Watch Tower
31:50 Watch Tower
31:50 Watch Tower
31:53 Watch Tower
31:54 Watch Tower
31:55 Watch Tower
31:56 Watch Tower
31:57 Watch Tower
31:58 Watch Tower
31:59 Watch Tower
32:00 Watch Tower
32:03 Watch Tower
32:09 Watch Tower
32:09 Watch Tower
32:10 Watch Tower
33:14 Great Hall
35:13 Watch Tower
36:38 Watch Tower
36:39 Watch Tower
36:46 Watch Tower
37:09 Watch Tower
37:09 Watch Tower
37:10 Watch Tower
37:11 Watch Tower
37:11 Watch Tower
37:12 Watch Tower
37:23 Watch Tower
44:41 Great Hall
48:00 Watch Tower
48:03 Watch Tower
48:08 Watch Tower
48:10 Watch Tower
53:27 Great Hall
» items
| Healing Salve | 1 | |
| Lesser Clarity Potion | 3 | |
| Dust of Appearance | 1 | |
| Boots of Speed | 1 | |
| Staff of Teleportation | 1 | |
| Orb of Lightning | 1 | |
8 total
passw0rd2016 (
red | 121 APM | 9653 actions | 79:47)
4 Demon Hunter
2 Mana Burn
2 Evasion
4 Pandaren Brewmaster
2 Breath of Fire
2 Drunken Haze
3 Keeper of the Grove
2 Entangling Roots
1 Thorns Aura
» actions
| Assign group hotkey | 15 | |
| Basic commands | 12 | |
| Build / train | 108 | |
| ESC pressed | 2 | |
| Enter build submenu | 31 | |
| Enter hero's abilities submenu | 13 | |
| Give item / drop item | 2 | |
| Remove unit from queue | 4 | |
| Right click | 6943 | |
| Select / deselect | 1147 | |
| Select group hotkey | 843 | |
| Use ability | 531 | |
9653 total
» units
» upgrades
| Ultravision | 1 | |
| Strength of the Wild | 0 | |
| Nature's Blessing | 1 | |
| Well Spring | 1 | |
3 total
» buildings
| Altar of Elders | 1 | |
| Moon Well | 54 | |
| Tree of Ages | 3 | |
| Tree of Life | 2 | |
| Hunter's Hall | 1 | |
| Tree of Eternity | 2 | |
| Ancient of Wind | 1 | |
| Chimaera Roost | 4 | |
| Ancient of Wonders | 1 | |
69 total
» build order
00:11 Altar of Elders
00:19 Moon Well
01:53 Moon Well
05:03 Tree of Ages
05:03 Tree of Ages
09:14 Tree of Life
15:47 Moon Well
15:48 Moon Well
15:49 Moon Well
15:51 Moon Well
15:55 Moon Well
16:32 Moon Well
16:34 Moon Well
16:35 Moon Well
16:36 Moon Well
16:36 Moon Well
16:39 Moon Well
16:40 Moon Well
16:41 Moon Well
17:10 Moon Well
17:11 Moon Well
17:11 Moon Well
17:12 Moon Well
17:12 Moon Well
17:13 Moon Well
17:14 Moon Well
17:15 Moon Well
20:08 Moon Well
20:09 Moon Well
20:10 Moon Well
22:51 Tree of Life
23:09 Moon Well
23:32 Hunter's Hall
23:53 Moon Well
24:06 Tree of Eternity
43:19 Moon Well
43:37 Moon Well
43:38 Moon Well
43:39 Moon Well
43:39 Moon Well
43:41 Moon Well
43:41 Moon Well
43:42 Moon Well
43:44 Moon Well
43:45 Moon Well
45:52 Moon Well
45:53 Moon Well
45:54 Moon Well
45:57 Moon Well
45:58 Moon Well
45:59 Moon Well
51:49 Ancient of Wind
52:16 Moon Well
52:17 Moon Well
52:18 Moon Well
52:53 Moon Well
52:54 Moon Well
52:55 Moon Well
52:57 Moon Well
52:58 Moon Well
52:59 Moon Well
53:02 Moon Well
53:23 Chimaera Roost
53:23 Chimaera Roost
53:23 Chimaera Roost
53:24 Chimaera Roost
55:13 Ancient of Wonders
» items
| Lesser Clarity Potion | 6 | |
| Potion of Healing | 5 | |
| Scroll of Regeneration | 1 | |
| Staff of Sanctuary | 3 | |
| Orb of Lightning | 3 | |
| Healing Salve | 3 | |
| Boots of Speed | 5 | |
| Staff of Teleportation | 7 | |
| Potion of Lesser Invulnerability | 1 | |
34 total
team 2 (loser)
KKDOIGT (
orange | 145 APM | 11597 actions | 79:46)
9 Warden
3 Fan of Knives
3 Blink
2 Shadow Strike
1 Spirit of Vengeance
» actions
| Assign group hotkey | 50 | |
| Basic commands | 234 | |
| Build / train | 166 | |
| ESC pressed | 21 | |
| Enter build submenu | 83 | |
| Enter hero's abilities submenu | 10 | |
| Give item / drop item | 6 | |
| Right click | 7012 | |
| Select / deselect | 2563 | |
| Select group hotkey | 827 | |
| Use ability | 623 | |
11597 total
» units
| Wisp | 76 | |
| Hippogryph | 26 | |
| Huntress | 4 | |
106 total
» upgrades
| Strength of the Wild | 3 | |
| Reinforced Hides | 3 | |
| Ultravision | 1 | |
| Sentinel | 1 | |
8 total
» buildings
| Altar of Elders | 2 | |
| Moon Well | 29 | |
| Ancient of War | 3 | |
| Tree of Life | 5 | |
| Hunter's Hall | 6 | |
| Tree of Ages | 11 | |
| Tree of Eternity | 2 | |
| Ancient of Wind | 6 | |
64 total
» build order
00:05 Altar of Elders
00:19 Moon Well
00:35 Ancient of War
04:58 Tree of Life
09:38 Tree of Life
15:49 Tree of Life
18:50 Hunter's Hall
18:50 Hunter's Hall
18:51 Tree of Ages
18:52 Tree of Ages
19:56 Moon Well
19:57 Moon Well
20:12 Moon Well
20:21 Moon Well
20:21 Moon Well
21:35 Moon Well
21:39 Tree of Eternity
21:39 Tree of Eternity
22:28 Moon Well
24:08 Ancient of Wind
25:17 Tree of Ages
25:17 Tree of Ages
26:08 Tree of Life
27:40 Ancient of Wind
27:41 Ancient of Wind
27:42 Ancient of Wind
27:52 Ancient of Wind
27:56 Ancient of Wind
29:03 Moon Well
30:01 Moon Well
35:17 Moon Well
35:18 Moon Well
35:19 Moon Well
35:20 Moon Well
40:30 Moon Well
41:18 Moon Well
41:33 Moon Well
47:02 Moon Well
48:02 Moon Well
48:04 Moon Well
48:05 Moon Well
50:04 Moon Well
54:23 Ancient of War
54:23 Tree of Life
54:57 Ancient of War
55:11 Moon Well
55:12 Moon Well
55:14 Moon Well
55:37 Moon Well
56:07 Moon Well
56:09 Moon Well
56:40 Hunter's Hall
57:12 Moon Well
57:24 Hunter's Hall
57:28 Hunter's Hall
57:58 Tree of Ages
57:59 Tree of Ages
57:59 Tree of Ages
60:18 Hunter's Hall
61:27 Altar of Elders
» items
| Boots of Speed | 1 | |
| Staff of Teleportation | 1 | |
| Orb of Venom | 1 | |
| Anti-magic Potion | 3 | |
| Scroll of Town Portal | 3 | |
| Tome of Retraining | 1 | |
| Dust of Appearance | 3 | |
13 total
KKMOU (
pink | 141 APM | 11289 actions | 79:46)
9 Warden
3 Fan of Knives
3 Blink
1 Spirit of Vengeance
2 Shadow Strike
» actions
| Assign group hotkey | 1 | |
| Build / train | 110 | |
| ESC pressed | 12 | |
| Enter build submenu | 31 | |
| Enter hero's abilities submenu | 10 | |
| Give item / drop item | 3 | |
| Remove unit from queue | 10 | |
| Right click | 9501 | |
| Select / deselect | 836 | |
| Use ability | 773 | |
11289 total
» units
| Wisp | 43 | |
| Hippogryph | 4 | |
| Chimaera | 16 | |
63 total
» upgrades
| Strength of the Wild | 3 | |
| Reinforced Hides | 3 | |
| Corrosive Breath | 1 | |
7 total
» buildings
| Altar of Elders | 2 | |
| Moon Well | 16 | |
| Tree of Life | 2 | |
| Tree of Ages | 3 | |
| Hunter's Hall | 2 | |
| Ancient of Wind | 2 | |
| Tree of Eternity | 1 | |
| Chimaera Roost | 4 | |
32 total
» build order
00:14 Altar of Elders
00:18 Moon Well
03:06 Moon Well
04:40 Altar of Elders
08:47 Tree of Life
17:26 Tree of Life
20:18 Tree of Ages
20:19 Tree of Ages
20:27 Hunter's Hall
20:36 Hunter's Hall
23:41 Ancient of Wind
23:44 Ancient of Wind
24:12 Tree of Eternity
26:41 Chimaera Roost
26:42 Chimaera Roost
26:42 Chimaera Roost
26:45 Chimaera Roost
28:28 Moon Well
28:28 Moon Well
28:29 Moon Well
29:31 Moon Well
29:32 Moon Well
29:32 Moon Well
31:43 Moon Well
31:46 Moon Well
31:47 Moon Well
32:48 Moon Well
32:49 Moon Well
32:55 Moon Well
36:25 Moon Well
36:33 Moon Well
» items
| Periapt of Vitality | 1 | |
| Boots of Speed | 1 | |
| Staff of Teleportation | 1 | |
| Orb of Venom | 1 | |
| Moonstone | 8 | |
| Dust of Appearance | 3 | |
| Scroll of Town Portal | 1 | |
16 total
KKOUETTE (
purple | 177 APM | 14138 actions | 79:46)
9 Warden
3 Fan of Knives
3 Blink
1 Spirit of Vengeance
2 Shadow Strike
» actions
| Assign group hotkey | 159 | |
| Basic commands | 24 | |
| Build / train | 79 | |
| Enter build submenu | 94 | |
| Enter hero's abilities submenu | 9 | |
| Give item / drop item | 5 | |
| Right click | 11897 | |
| Select / deselect | 1084 | |
| Select group hotkey | 144 | |
| Use ability | 643 | |
14138 total
» units
| Wisp | 20 | |
| Hippogryph | 15 | |
| Chimaera | 2 | |
37 total
» upgrades
| Well Spring | 1 | |
| Ultravision | 1 | |
| Strength of the Wild | 3 | |
| Reinforced Hides | 3 | |
| Nature's Blessing | 1 | |
| Druid of the Claw Training | 1 | |
| Corrosive Breath | 1 | |
11 total
» buildings
| Altar of Elders | 1 | |
| Moon Well | 77 | |
| Tree of Ages | 4 | |
| Ancient of Wonders | 3 | |
| Hunter's Hall | 1 | |
| Tree of Eternity | 3 | |
| Ancient of Lore | 3 | |
| Ancient of Wind | 2 | |
| Chimaera Roost | 3 | |
97 total
» build order
00:13 Altar of Elders
00:31 Moon Well
00:50 Moon Well
01:05 Moon Well
01:24 Moon Well
01:47 Moon Well
01:52 Moon Well
01:57 Moon Well
02:00 Moon Well
02:50 Moon Well
02:50 Moon Well
02:51 Moon Well
02:59 Moon Well
03:14 Moon Well
03:31 Moon Well
03:51 Tree of Ages
03:52 Tree of Ages
03:52 Tree of Ages
03:57 Ancient of Wonders
04:28 Moon Well
04:28 Moon Well
04:29 Moon Well
05:17 Hunter's Hall
06:21 Tree of Eternity
06:22 Tree of Eternity
06:25 Moon Well
06:26 Moon Well
06:28 Moon Well
06:29 Moon Well
06:30 Moon Well
06:32 Moon Well
06:33 Moon Well
06:36 Moon Well
06:37 Moon Well
07:04 Ancient of Wonders
07:50 Moon Well
07:58 Moon Well
07:59 Moon Well
07:59 Moon Well
08:43 Moon Well
08:44 Moon Well
08:45 Moon Well
08:45 Moon Well
08:46 Moon Well
08:47 Moon Well
09:17 Moon Well
09:17 Moon Well
09:18 Moon Well
09:19 Moon Well
09:24 Moon Well
09:25 Moon Well
09:27 Moon Well
10:18 Moon Well
10:19 Moon Well
11:04 Ancient of Lore
11:06 Ancient of Wind
11:47 Ancient of Wind
12:00 Moon Well
12:01 Moon Well
12:01 Moon Well
12:05 Moon Well
12:08 Moon Well
12:29 Ancient of Wonders
13:28 Moon Well
13:29 Moon Well
13:30 Moon Well
13:31 Moon Well
13:32 Moon Well
14:28 Moon Well
14:29 Moon Well
15:39 Moon Well
15:41 Moon Well
15:42 Moon Well
15:43 Moon Well
17:16 Ancient of Lore
17:17 Ancient of Lore
18:40 Moon Well
18:40 Moon Well
18:41 Moon Well
18:42 Moon Well
18:43 Moon Well
18:44 Moon Well
18:45 Moon Well
18:46 Moon Well
20:16 Moon Well
20:16 Moon Well
20:17 Moon Well
20:18 Moon Well
20:19 Moon Well
20:23 Moon Well
20:23 Moon Well
20:24 Moon Well
35:59 Chimaera Roost
36:00 Chimaera Roost
36:01 Chimaera Roost
» items
| Boots of Speed | 1 | |
| Orb of Venom | 1 | |
| Staff of Teleportation | 2 | |
| Moonstone | 4 | |
| Scroll of Town Portal | 1 | |
| Dust of Appearance | 1 | |
10 total
Chat log
(04:36 / All) passw0rd2016: are you guys having a laugh
(05:01 / All) passw0rd2016: help
(05:04 / All) passw0rd2016: are you bad
(07:09 / All) passw0rd2016: haha
(14:23 / All) lovetoosearch: step 1: make moon wells
(14:28 / All) lovetoosearch: step 2: use them to harass enemy army
(14:33 / All) lovetoosearch: step 3: where is enemy army
(16:57 / All) KKMOU: step ... ? 8 ?
(17:17 / All) iggy_the_fisk: no need, game is already over
(19:05 / All) lovetoosearch: u guys ever play war3 before
(19:08 / All) KKDOIGT: yep
(19:17 / All) lovetoosearch: you sure
(19:20 / All) KKDOIGT: no
(19:29 / All) lovetoosearch: this looks like a plan someone would have if they never played warcraft 3
(19:33 / All) lovetoosearch: but thought it was a good idea
(21:29 / All) lovetoosearch: 1st time warcraft 3 strategies -- never work !!
(22:32 / All) lovetoosearch: But What Do We Do If They Only Make A Single Hero
(22:40 / All) KKDOIGT: improvise
(23:09 / All) lovetoosearch: this is good improvisation
(25:21 / All) iggy_the_fisk: sorry, too fat 2 blink
(25:27 / All) iggy_the_fisk: 2 STUPID 2 WIN???
(26:28 / All) iggy_the_fisk: sorry noobs
(26:46 / All) lovetoosearch: All Noobs Die!!
(28:02 / All) lovetoosearch: no
(28:05 / All) lovetoosearch: this can't happen
(28:06 / All) lovetoosearch: sorry
(34:51 / All) iggy_the_fisk: you are way too noob to pull this off I am sorry
(50:37 / All) lovetoosearch: Jim have u ever seen a noob this bad.
(50:48 / All) lovetoosearch: Greg no
(55:33 / All) passw0rd2016: sorry
(55:42 / All) passw0rd2016: youtube.com/highperch
(55:43 / All) lovetoosearch: my mom wants me to eat dinner !!
(72:44 / All) lovetoosearch: Bad boys !
(73:17 / All) KKMOU: tree fight
(73:29 / All) iggy_the_fisk: Noob flight
(73:32 / All) iggy_the_fisk: (you from this game)
(73:57 / All) KKDOIGT: AHAHAHAHA
(74:45 / All) KKMOU: has left the game
(74:51 / All) passw0rd2016: bad boy
(74:57 / All) iggy_the_fisk: buy idiotis
(76:27 / All) lovetoosearch: You Boys Are BAD!!
(78:17 / All) KKMOU: gg
(78:26 / All) iggy_the_fisk: remember that you lost this game because you are stupid
(78:27 / All) passw0rd2016: https://highper.ch
(78:37 / All) iggy_the_fisk: Towers are very easy to beat but you made such bad decisions... IN LIFE
(78:54 / All) KKMOU: haha ;)
(79:37 / All) KKMOU: lolooooooool
(79:38 / All) KKMOU: :)
(79:42 / All) KKMOU: gg
(79:45 / All) KKDOIGT: GOOOOOOOOD GAME